 Dungeon Crawl Stone Soup version 0.29.1-14-g9c671dbff4 (webtiles) character file.

Game seed: 2253841772577164359

183 bnorton916 the Magician (level 5, -3/28 HPs)
             Began as a Deep Elf Fire Elementalist on Feb 12, 2023.
             Slain by Grinder (6 damage)
             ... on level 3 of the Dungeon.
             The game lasted 00:03:41 (3627 turns).

bnorton916 the Magician (DEFE)                      Turns: 3627, Time: 00:03:42

Health: -3/28      AC:  4    Str:  5    XL:     5   Next: 35%
Magic:  13/23      EV: 12    Int: 28    God:
Gold:   108        SH:  0    Dex: 15    Spells: 4/14 levels left

rFire   + . .      SeeInvis .   y - +2 dagger (protect)
rCold   + . .      Faith    .   (no shield)
rNeg    . . .      Spirit   .   a - +0 robe
rPois   .          Reflect  .   x - +0 helmet
rElec   .          Harm     .   s - scarf {rC+ rF+}
rCorr   .          Rampage  .   (no gloves)
Will    .....                   w - +0 pair of boots
Stlth   ++........              (no amulet)
HPRegen 0.09/turn               g - ring of magical power
MPRegen 0.18/turn               k - +6 ring of intelligence

@: no status effects
A: no striking features
a: no special abilities


You were on level 3 of the Dungeon.
You visited 1 branch of the dungeon, and saw 3 of its levels.

You collected 108 gold pieces.

Inventory:

Hand Weapons
 y - a +2 dagger of protection (weapon)
Missiles
 z - a throwing net
Armour
 a - a +0 robe (worn)
 s - a scarf of resistance (worn)
 w - a +0 pair of boots (worn)
 x - a +0 helmet (worn)
Jewellery
 g - a ring of magical power (left hand)
 k - a +6 ring of intelligence (right hand)
 o - a +6 ring of strength
 t - a ring of flight
Scrolls
 c - 4 scrolls of teleportation {unknown}
 d - a scroll of fog {unknown}
 f - a scroll of immolation {unknown}
 h - 5 scrolls of identify {unknown}
 j - 2 scrolls of magic mapping {unknown}
 m - a scroll of fear {unknown}
 q - a scroll of poison {unknown}
 u - a scroll of torment {unknown}
Potions
 b - a potion of magic
 e - a potion of haste {unknown}
 i - a potion of might {unknown}
 l - 2 potions of degeneration {unknown}
 n - 2 potions of resistance {unknown}
 p - a potion of heal wounds {unknown}
 r - a potion of berserk rage {unknown}
 v - a potion of brilliance {unknown}


   Skills:
 - Level 2.4 Dodging
 - Level 2.4 Stealth
 + Level 5.0 Spellcasting
 + Level 3.3 Conjurations
 + Level 0.1 Summonings
 + Level 4.7 Fire Magic
 + Level 0.1 Ice Magic


You had 4 spell levels left.
You knew the following spells:

 Your Spells              Type           Power      Damage    Failure   Level
a - Foxfire               Conj/Fire      100%       2x1d9     1%          1
b - Scorch                Fire           66%        2d8       1%          2
c - Conjure Flame         Conj/Fire      29%        6-21      3%          3
d - Summon Ice Beast      Ice/Summ       7%         N/A       54%         4

Your spell library contained the following spells:

 Spells                   Type           Power      Damage    Failure   Level
 Summon Small Mammal      Summ           28%        N/A       6%          1
 Apportation              Tloc           14%        N/A       7%          1
 Necrotise                Necr           28%        1d5       7%          1
 Inner Flame              Hex/Fire       20%        N/A       8%          3
 Flame Wave               Conj/Fire      29%        2d9       13%         4
 Alistair's Intoxication  Tmut/Pois      4%         N/A       88%         5
 Summon Mana Viper        Hex/Summ       7%         N/A       88%         5
 Monstrous Menagerie      Summ           3%         N/A       100%        7


Dungeon Overview and Level Annotations

Branches:
Dungeon (3/15)

Altars:
Wu Jian

Annotations:
D:3 Grinder


Message History

You kill the adder!
Your Spellcasting skill increases to level 5!
Casting: Foxfire (safe; 1% risk of failure)
Confirm with . or Enter, or press ? or * to list all spells.
You miscast Foxfire.
You are very lightly contaminated with residual magic.
Nothing appears to happen.
Casting: Foxfire (safe; 1% risk of failure)
Confirm with . or Enter, or press ? or * to list all spells.
Flames lash Grinder.
Grinder is lightly wounded.
Grinder's fire resistance burns away.
Casting: Scorch (safe; 1% risk of failure)
Confirm with . or Enter, or press ? or * to list all spells.
You conjure some foxfire!
Grinder gestures at you.
You suddenly lose the ability to move!
Grinder is no longer more vulnerable to fire.
The foxfire hits Grinder.
Grinder is moderately wounded.
Grinder hits you. Grinder hits you!
You writhe in agony.
You can move again.
Grinder barely misses you.
Your magical contamination has completely faded away.
Casting: Foxfire (safe; 1% risk of failure)
Confirm with . or Enter, or press ? or * to list all spells.
Flames lash Grinder.
Grinder is heavily wounded.
Grinder's fire resistance burns away.
Grinder closely misses you. Grinder closely misses you.
Unknown command.
Casting: Scorch (safe; 1% risk of failure)
Confirm with . or Enter, or press ? or * to list all spells.
Flames lash Grinder.
Grinder is burned terribly!
Grinder is almost dead.
Grinder hits you!
* * * LOW HITPOINT WARNING * * *
You writhe in agony.
You die...

..............#
###.......#.#
##...##...#.#
######...#.[.....#
##..).......####.##
...)))###.### #>#
.##.### #.# #.#
###.# #.# #.# ....#
#.# #@# ##### #.#
#...5# ..##......
#........
...........
.#..........
##....$.....
##...##...##


You could see Grinder (combustible).

Vanquished Creatures
  A gnoll bouda (D:3)
  Robin (D:3)
  3 gnolls (D:3)
  5 adders
  2 worms
  2 dart slugs
  An orc (D:2)
  11 ball pythons
  2 bats
  4 endoplasms
  A giant cockroach (D:2)
  9 goblins
  6 hobgoblins
  5 kobolds
  2 frilled lizards
  9 rats
64 creatures vanquished.

Vanquished Creatures (others)
  256 foxfires
256 creatures vanquished.

Grand Total: 320 creatures vanquished

Notes
Turn   | Place    | Note
-------+----------+-------------------------------------------
     0 | D:1      | bnorton916 the Deep Elf Fire Elementalist began the quest
                  | for the Orb.
     0 | D:1      | Reached XP level 1. HP: 10/10 MP: 6/6
   650 | D:1      | Reached XP level 2. HP: 15/15 MP: 8/8
  1268 | D:2      | Reached XP level 3. HP: 19/19 MP: 10/10
  1343 | D:2      | Found a faded altar of an unknown god.
  1992 | D:1      | Learned a level 2 spell: Scorch
  1996 | D:1      | Learned a level 3 spell: Conjure Flame
  2020 | D:2      | Reached skill level 4 in Spellcasting
  2929 | D:3      | Reached XP level 4. HP: 24/24 MP: 12/12
  3148 | D:3      | Noticed Robin
  3152 | D:3      | Killed Robin
  3277 | D:3      | Found an ornate altar of the Wu Jian Council.
  3318 | D:3      | Reached XP level 5. HP: 20/28 MP: 14/14
  3595 | D:3      | Learned a level 4 spell: Summon Ice Beast
  3611 | D:3      | Noticed Grinder
  3618 | D:3      | Reached skill level 5 in Spellcasting
  3621 | D:3      | Paralysed by Grinder for 3 turns
  3627 | D:3      | Slain by Grinder

Illustrated notes

Levels and vault maps discovered:
D:1:      dpeg_chamrin_arrival_tetris, layout_basic
D:2:      minmay_inner_zag, layout_rooms, ebering_ecumenical_altar_rust
D:3:      layout_rooms, general_overflow_altar, lemuel_doored_altar,
          uniq_grinder, uniq_robin

Skill      XL: |  1  2  3  4  5 |
---------------+----------------+-----
Conjurations   | 2 3 |  3.3
Spellcasting   | 4 5 |  5.0
Fire Magic     | 4 |  4.7
Dodging        | |  2.4
Stealth        | |  2.4
Summonings     | |  0.1
Ice Magic      | |  0.1

Action                   |  1- 3 |  4- 6 || total
-------------------------+-------+-------++-------
 Cast: Foxfire           |    98 |    53 ||   151
       Scorch            |     3 |     9 ||    12
Armor: Robe              |     4 |     1 ||     5
Dodge: Dodged            |    16 |    13 ||    29
